 Dungeon Crawl Stone Soup version 0.30-a0-964-gd452b5e7fa (webtiles) character file.

Game seed: 13697400706565034360

464 IdlyInterested the Cutter (level 6, 0/40 (44) HPs)
             Began as a Demonspawn Gladiator on Mar 30, 2023.
             Slain by a wight
             ... wielding a +3 morningstar
              (2 damage)
             ... on level 4 of the Dungeon.
             The game lasted 00:10:55 (3457 turns).

IdlyInterested the Cutter (Demonspawn Gladiator)    Turns: 3457, Time: 00:10:55

HP:   0/40 (44)     AC:  6    Str: 14    XL:     6   Next: 80%
MP:   9/9           EV: 12    Int: 11    God:
Gold: 131           SH:  0    Dex: 15    Spells: 7/9 levels left

rFire   . . .      SeeInvis +    g - +1 short sword
rCold   . . .      Faith    .    (no shield)
rNeg    . . .      Spirit   .    b - +0 leather armour
rPois   .          Reflect  .    c - +0 helmet
rElec   .          Rampage  .    (no cloak)
rCorr   +                        (no gloves)
Will    .....                    q - +1 pair of boots
Stlth   ++                       (no amulet)
HPRegen 0.26/turn                o - ring of see invisible
MPRegen 0.11/turn                w - ring of resist corrosion

@: drained
A: powered by death 1, demonic magic 1
a: no special abilities


You were on level 4 of the Dungeon.
You visited 1 branch of the dungeon, and saw 4 of its levels.

You collected 131 gold pieces.

Inventory:

Hand Weapons
 a - a +1 dagger
 g - a +1 short sword (weapon)
 n - a +0 dagger
Missiles
 d - a throwing net
 e - a javelin
 h - 32 stones (quivered)
 A - 2 boomerangs
Armour
 b - a +0 leather armour (worn)
 c - a +0 helmet (worn)
 q - a +1 pair of boots (worn)
 t - an orb of guile
Jewellery
 o - a ring of see invisible (left hand)
 w - a ring of resist corrosion (right hand)
 y - a ring of fire
Wands
 p - a wand of flame (4)
 v - a wand of charming (6)
Scrolls
 f - a scroll of blinking
 j - 3 scrolls of teleportation
 k - a scroll of identify
 l - a scroll of torment
 r - a scroll of poison
 x - a scroll of enchant weapon
Potions
 i - a potion of mutation
 m - a potion of heal wounds
 s - a potion of magic
 u - a potion of ambrosia
 z - 2 potions of haste


   Skills:
 - Level 2.0 Fighting
 * Level 4.2(4.7) Short Blades
 - Level 3.1(4.2) Long Blades
 - Level 1.7 Throwing
 - Level 2.6 Dodging
 + Level 3.0 Stealth
 - Level 2.0 Spellcasting
 * Level 1.9 Summonings
 - Level 1.0 Evocations


You had 7 spell levels left.
You knew the following spells:

 Your Spells              Type           Power      Damage    Failure   Level
a - Call Imp              Summ           5%         N/A       26%         2

Your spell library contained the following spells:

 Spells                   Type           Power      Damage    Failure   Level
 Magic Dart               Conj           4%         1d3       36%         1
 Mephitic Cloud           Conj/Pois/Air  1%         N/A       73%         3


Dungeon Overview and Level Annotations

Branches:
Dungeon (4/15)
 Temple: D:4-7

Altars:
Yredelemnul

Shops:
D:2 (


Innate Abilities, Weirdness & Mutations

You regenerate a little health from kills.
Spells you cast may paralyse adjacent enemies.


Message History

The human zombie is almost destroyed.
You hit the human zombie.
The human zombie is almost destroyed.
The human zombie misses you.
You hit the human zombie.
The human zombie is almost destroyed.
You hit the human zombie.
You destroy the human zombie!
Your Stealth skill increases to level 3!
You start waiting.
Done waiting.
You see here a +0 robe.
You open the door.
A wight comes into view. It is wielding a +3 morningstar.
There is an open door here.
The helpless wight fails to defend itself.
You puncture the wight!
The wight is almost destroyed.
The wight hits you with a +3 morningstar!
You feel drained.
You hit the wight but do no damage.
The wight is almost destroyed.
You hit the wight but do no damage.
The wight is almost destroyed.
The wight hits you with a +3 morningstar!
You feel drained.
You hit the wight.
The wight is almost destroyed.
The wight hits you with a +3 morningstar!
* * * LOW HITPOINT WARNING * * *
You barely miss the wight.
The wight is almost destroyed.
The wight misses you.
Unknown command.
You hit the wight but do no damage.
The wight is almost destroyed.
You hit the wight but do no damage.
The wight is almost destroyed.
The wight hits you with a +3 morningstar.
You die...

##### #.#.#
+#+#+#+#'#†#
........[..#
+#+#+#+#@#'#
#z#_# ######
##### ###
#....#
##..###....#
#..........#
+..........#
#....))....#
#....).....#


You could see a wight.

Vanquished Creatures
  An ogre (D:3)
  A necrophage (D:4)
  A wight (D:4)
  A human zombie (D:4)
  An orc priest (D:4)
  Natasha (thrice) (D:3)
  An orc wizard (D:3)
  3 adders
  2 worms
  2 dart slugs
  7 orcs
  5 bats
  6 endoplasms (D:1)
  8 goblins
  6 hobgoblins
  3 jackals (D:1)
  2 quokkas
  7 ball pythons
  A frilled lizard (D:1)
  7 kobolds
  6 rats
74 creatures vanquished.

Notes
Turn   | Place    | Note
-------+----------+-------------------------------------------
     0 | D:1      | IdlyInterested the Demonspawn Gladiator began the quest for
                  | the Orb.
     0 | D:1      | Reached XP level 1. HP: 16/16 MP: 1/1
    62 | D:1      | Gained mutation: Spells you cast may paralyse adjacent
                  | enemies. [demonic ancestry]
    62 | D:1      | Reached XP level 2. HP: 16/22 MP: 2/2
   217 | D:1      | Found a faded altar of an unknown god.
   223 | D:1      | Reached skill level 1 in Evocations
   462 | D:1      | Reached skill level 1 in Short Blades
   555 | D:1      | Reached XP level 3. HP: 27/27 MP: 3/3
   944 | D:2      | Reached skill level 1 in Stealth
   966 | D:2      | Learned a level 2 spell: Call Imp
  1090 | D:2      | Reached skill level 1 in Spellcasting
  1237 | D:2      | Found Jesiguar's Antique Weapon Boutique.
  1389 | D:2      | Reached skill level 2 in Short Blades
  1389 | D:2      | Reached XP level 4. HP: 29/33 MP: 5/5
  1815 | D:3      | Noticed Natasha
  1824 | D:3      | Killed Natasha
  1825 | D:3      | Reached XP level 5. HP: 11/38 MP: 7/7
  2122 | D:3      | Noticed an ogre
  2140 | D:3      | Noticed Natasha
  2144 | D:3      | Killed an ogre
  2145 | D:3      | Reached skill level 3 in Short Blades
  2155 | D:3      | Killed Natasha
  2381 | D:3      | Noticed Natasha
  2414 | D:3      | Killed Natasha
  2415 | D:3      | Gained mutation: You regenerate a little health from kills.
                  | [demonic ancestry]
  2415 | D:3      | Reached XP level 6. HP: 4/44 MP: 9/9
  3187 | D:4      | Reached skill level 4 in Short Blades
  3187 | D:4      | Reached skill level 1 in Summonings
  3323 | D:4      | Found a basalt altar of Yredelemnul.
  3454 | D:4      | HP: 1/40 [wight/+3 morningstar (13)]
  3457 | D:4      | Slain by a wight

Illustrated notes

Levels and vault maps discovered:
D:1:      amcnicky_arrival_choice, layout_basic, basic_ecumenical_altar,
          minmay_tetromino_l4
D:2:      layout_rooms, serial_shops, nicolae_shop_waterfront, dk_noncrumbling_4
D:3:      layout_basic, uniq_natasha
D:4:      layout_gridville, lemuel_mausoleum_altar_yredelemnul

Skill      XL: |  1  2  3  4  5  6 |
---------------+-------------------+-----
Long Blades    | 3 |  3.1
Evocations     | 1 |  1.0
Short Blades   | 1 2 3 4 |  4.2
Stealth        | 1 2 3 |  3.0
Spellcasting   | 1 2 |  2.0
Summonings     | 1 |  1.9
Fighting       | |  2.0
Throwing       | |  1.7
Dodging        | |  2.6

Action                     |  1- 3 |  4- 6 || total
---------------------------+-------+-------++-------
  Melee: Long sword        |   168 |    36 ||   204
         Short sword       |       |   147 ||   147
         Punch             |       |     1 ||     1
  Throw: Stone             |     5 |     3 ||     8
         Throwing net      |       |     2 ||     2
  Evoke: Wand              |       |     4 ||     4
    Use: Scroll            |     5 |     8 ||    13
         Potion            |       |     1 ||     1
   Stab: Sleeping          |     1 |     6 ||     7
         Held in net/web   |       |     3 ||     3
 Armour: Leather armour    |    70 |    48 ||   118
  Dodge: Dodged            |   126 |    88 ||   214

Table legend: (Time is in decaauts)
 A = Elapsed time spent in this place.
 B = Non-inter-level travel time spent in this place.
 C = Inter-level travel time spent in this place.
 D = Time resting spent in this place.
 E = Time spent auto-exploring this place.
 F = Levels seen in this place.
 G = Mean time per level.
                   A        B        C        D        E       F      G
               +--------+--------+--------+--------+--------+-----+--------+
         Total |   3466 |   3127 |    339 |   1091 |   1184 |   4 |  866.5 |
       Dungeon |   3466 |   3127 |    339 |   1091 |   1184 |   4 |  866.5 |
               +--------+--------+--------+--------+--------+-----+--------+

Top non-repeatable levels by time:
     D:3: 1270 daAuts
     D:1: 947 daAuts
     D:2: 817 daAuts
     D:4: 430 daAuts
